 Dungeon Crawl Stone Soup version 0.29.1-13-g9f3cf754e1 (webtiles) character file.

Game seed: 7699123618158432948

328 LustLizard the Sneak (level 6, -4/38 HPs)
             Began as a Kobold Brigand on Feb 6, 2023.
             Was an Initiate of Ru.
             Splashed by a jelly's acid (8 damage)
             ... on level 4 of the Dungeon.
             The game lasted 00:08:23 (4324 turns).

LustLizard the Sneak (Kobold Brigand)               Turns: 4324, Time: 00:08:24

Health: -4/38      AC: -4    Str:  8    XL:     6   Next: 80%
Magic:  6/6        EV: 13    Int: 13    God:    Ru [......]
Gold:   103        SH:  0    Dex: 18    Spells: 2/5 levels left

rFire   . . .      SeeInvis .   a - +2 dagger
rCold   + . .      Faith    .   (no shield)
rNeg    . . .      Spirit   .   y - +0 leather armour {rC+}
rPois   .          Reflect  .   (no helmet)
rElec   .          Harm     .   g - +0 cloak
rCorr   .          Rampage  .   (no gloves)
Will    .....                   (no boots)
Stlth   ++++......              l - amulet of magic regeneration
HPRegen 0.12/turn               (no ring)
MPRegen 0.50/turn               (no ring)

@: corroded
A: small, no large weapons, nightstalker 3, screaming 1
a: Renounce Religion


You were on level 4 of the Dungeon.
You worshipped Ru.
Ru was noncommittal.
You visited 1 branch of the dungeon, and saw 4 of its levels.

You collected 103 gold pieces.

Inventory:

Hand Weapons
 a - a +2 dagger (weapon)
 i - a +0 falchion
 x - a +2 falchion of draining
Missiles
 c - 6 boomerangs
 d - 9 poisoned darts
 e - 3 curare-tipped darts
 f - 27 stones (quivered)
Armour
 b - a +0 robe
 g - a +0 cloak (worn)
 y - a +0 leather armour of cold resistance (worn)
Jewellery
 l - an amulet of magic regeneration (around neck)
 n - a ring of fire
Scrolls
 h - 2 scrolls of teleportation
 m - 2 scrolls of poison {unknown}
 r - 2 scrolls of noise {unknown}
 s - 3 scrolls of identify {unknown}
 t - a scroll of acquirement {unknown}
 u - a scroll of vulnerability {unknown}
 w - a scroll of fog {unknown}
 A - a scroll of amnesia {unknown}
Potions
 j - a potion of curing {unknown}
 k - 3 potions of resistance {unknown}
 o - 2 potions of might {unknown}
 p - a potion of ambrosia {unknown}
 q - a potion of attraction {unknown}
 v - a potion of lignification {unknown}
 z - a potion of flight {unknown}


   Skills:
 + Level 3.6 Fighting
 * Level 5.7 Short Blades
 + Level 3.6 Throwing
 - Level 1.2 Dodging
 - Level 6.0 Stealth
 * Level 2.2 Air Magic


You had 2 spell levels left.
You knew the following spells:

 Your Spells              Type           Power      Damage    Failure   Level
a - Swiftness             Air            5%         N/A       47%         3

Your spell library contained the following spells:

 Spells                   Type           Power      Damage    Failure   Level
 Ensorcelled Hibernation  Hex/Ice        0%         N/A       56%         2
 Passwall                 Tmut/Erth      0%         N/A       56%         2


Dungeon Overview and Level Annotations

Branches:
Dungeon (4/15)
 Temple: D:4-7

Altars:
Ashenzari
Cheibriados
Dithmenos
Fedhas
Hepliaklqana
Kikubaaqudgha
Makhleb
Nemelex Xobeh
Okawaru
Ru
Zin


Innate Abilities, Weirdness & Mutations

You are small and have problems with some larger weapons.
You are completely attuned to the shadows.
You occasionally shout uncontrollably at your foes.


Message History

Found a stone staircase leading down.
The helpless ball python fails to defend itself.
You skewer the ball python like a kebab!!!
You kill the ball python!
You yell at the ball python!
A ball python and a jelly come into view.
The jelly quivers.
You see here a ball python corpse.
The ball python misses you. The ball python grabs you.
The ball python constricts you.
You closely miss the ball python. You hit the ball python.
The ball python is severely wounded.
The ball python closely misses you. The ball python constricts you.
You hit the ball python.
You kill the ball python!
You hit the jelly.
Your hands burn!
The jelly is lightly wounded.
The jelly misses you.
You hit the jelly.
Your hands burn!
The jelly is moderately wounded.
You barely miss the jelly.
The jelly is moderately wounded.
The jelly hits you but does no damage.
You hit the jelly.
Your hands burn!
The jelly is heavily wounded.
The jelly hits you but does no damage.
You hit the jelly but do no damage. The acid corrodes you!
Your hands burn!
The jelly is heavily wounded.
You hit the jelly but do no damage.
Your hands burn!
The jelly is heavily wounded.
The jelly hits you.
You are splashed with acid!
* * * LOW HITPOINT WARNING * * *
You hit the jelly but do no damage.
Your hands burn!
* * * LOW HITPOINT WARNING * * *
The jelly is heavily wounded.
The jelly hits you.
* * * LOW HITPOINT WARNING * * *
The acid corrodes you!
You are splashed with acid!
You die...

.......###### #.#
............# #.#
##.#...####.#
#.###### #.#...#
#.# #......# #...#
#.# ######.# #...#
#.# #.# .. #.# #.#
...####.# #.#
...J@...# #.#
...####.# #.# ..
#....# #.# .
#.##.########.# .
#.##.#........#
..##.##.#.########
..........#
#.##.##..##
#........#


You could see a jelly.

Vanquished Creatures
  Eustachio (D:4)
  An orc wizard (D:3)
  5 adders
  A gnoll (D:1)
  3 worms (D:3)
  7 dart slugs
  3 orcs (D:3)
  8 ball pythons
  4 endoplasms
  2 giant cockroaches
  10 goblins
  10 hobgoblins
  7 jackals
  3 kobolds
  3 quokkas
  10 bats
  6 frilled lizards
  6 rats
90 creatures vanquished.

Vanquished Creatures (others)
  A plant (D:3)
1 creature vanquished.

Grand Total: 91 creatures vanquished

Notes
Turn   | Place    | Note
-------+----------+-------------------------------------------
     0 | D:1      | LustLizard the Kobold Brigand began the quest for the Orb.
     0 | D:1      | Reached XP level 1. HP: 12/12 MP: 1/1
    40 | D:1      | Reached XP level 2. HP: 18/18 MP: 2/2
   287 | D:1      | Found a faded altar of an unknown god.
   422 | D:1      | Reached XP level 3. HP: 22/22 MP: 3/3
  1435 | D:2      | Reached XP level 4. HP: 27/27 MP: 4/4
  1892 | D:2      | Found a snail-covered altar of Cheibriados.
  2487 | D:3      | Found a hazy altar of Hepliaklqana.
  2487 | D:3      | Found a sparkling altar of Nemelex Xobeh.
  2487 | D:3      | Found an ancient bone altar of Kikubaaqudgha.
  2487 | D:3      | Found a glowing silver altar of Zin.
  2489 | D:3      | Found an iron altar of Okawaru.
  2490 | D:3      | Found a shadowy altar of Dithmenos.
  2491 | D:3      | Found a snail-covered altar of Cheibriados.
  2492 | D:3      | Found a broken altar of Ashenzari.
  2493 | D:3      | Found a sacrificial altar of Ru.
  2494 | D:3      | Found a blossoming altar of Fedhas.
  2499 | D:3      | Became a worshipper of Ru the Awakened
  2528 | D:3      | Reached skill level 6 in Stealth
  2750 | D:3      | Reached XP level 5. HP: 32/32 MP: 5/5
  3009 | D:3      | Learned a level 3 spell: Swiftness
  3364 | D:3      | Reached skill level 1 in Air Magic
  3917 | D:4      | Noticed Eustachio
  3934 | D:4      | Reached skill level 5 in Short Blades
  3947 | D:4      | Killed Eustachio
  3948 | D:4      | Reached XP level 6. HP: 25/37 MP: 6/6
  4118 | D:4      | Found a burning altar of Makhleb.
  4144 | D:4      | Gained mutation: You occasionally shout uncontrollably at
                  | your foes. [Ru sacrifice]
  4324 | D:4      | Splashed by a jelly's acid

Illustrated notes

Levels and vault maps discovered:
D:1:      ncdulo_watergridlock, layout_basic, serial_rivers,
          chequers_serial_rivers_room_b, chequers_serial_rivers_small_a,
          chequers_serial_rivers_small_b, chequers_serial_rivers_micro_b,
          dreamdust_ecumenical_altar_statues
D:2:      layout_loops_corners, basic_altar
D:3:      layout_basic, minitemple, corexii_shack,
          chequers_serial_rivers_micro_b, minmay_ruptured
D:4:      layout_loops_ring, mainiacjoe_overflow_alcove_2,
          minmay_large_rounded_square, kennysheep_generic_room_8, uniq_eustachio

Skill      XL: |  1  2  3  4  5 |
---------------+----------------+-----
Short Blades   | 3 4 5 |  5.7
Throwing       | 3 |  3.6
Fighting       | 3 |  3.6
Stealth        | 6 |  6.0
Air Magic      | 2 |  2.2
Dodging        | |  1.2

Action                   |  1- 3 |  4- 6 || total
-------------------------+-------+-------++-------
Melee: Dagger            |    64 |   204 ||   268
       Punch             |       |     1 ||     1
       Falchion          |       |     3 ||     3
Throw: Stone             |       |     9 ||     9
       Dart              |       |    10 ||    10
Invok: Sacrifice Purity  |       |     1 ||     1
  Use: Scroll            |       |     1 ||     1
 Stab: Sleeping          |    16 |    24 ||    40
       Distracted        |       |     1 ||     1
Armor: Robe              |     6 |    22 ||    28
       Leather armour    |       |     3 ||     3
Dodge: Dodged            |    21 |    93 ||   114
